AoeStats
← banana in borderland

Arabia

514749653Analyzed
1v1 RM · 18d ago on Oct 19, 2026· 38m 50s· 2 players
Game mode
Random Map
Map size
Tiny (2 player)
Population
200
Speed
Normal
Resources
Standard
Victory
Conquest
Starting age
Dark Age
Ending age
Imperial Age
RankedLock teamsTeams togetherTeam positionsShared explorationLock speedFull tech treeHidden civsTurbo modeCheats
Victory
Defeat
🇦🇷 Celts · Argentina
958
+17
vs
🇨🇴 Poles · Colombia
986
-17
banana in borderland
2:38 Loom
11:31 Feudal Age
12:17 Double-Bit Axe
12:13 Horse Collar
13:12 Man-at-Arms
15:23 Arson
16:08 Forging
23:35 Castle Age
21:31 Gold Mining
22:54 Scale Mail Armor
24:17 Wheelbarrow
23:47 Long Swordsman
24:30 Heavy Plow
26:00 Iron Casting
27:37 Bow Saw
34:47 Imperial Age
32:12 Stone Mining
33:42 Chain Mail Armor
35:06 Town Watch
35:41 Hand Cart
35:58 Two-Handed Swordsman
37:31 Plate Mail Armor
37:13 Gambesons
37:16 Champion
39:49 Blast Furnace
Cid Campeador
8:41 Loom
11:15 Feudal Age
12:26 Double-Bit Axe
13:20 Horse Collar
17:53 Gold Mining
19:08 Fletching
19:36 Forging
21:19 Stone Mining
22:27 Padded Archer Armor
27:08 Castle Age
27:28 Bloodlines
28:30 Bodkin Arrow
Connection lost

Rejoining the realm…

Still unreachable

The connection could not be restored.

Session expired

The server has moved on; the page needs a fresh start.